 Dungeon Crawl Stone Soup version 0.29.1-1-gd02db6906a (webtiles) character file.

Game seed: 7239992011374298820

448 GigaChad the Covered (level 6, 0/55 HPs)
             Began as a Minotaur Fighter on Oct 15, 2022.
             Was a Believer of Kikubaaqudgha.
             Slain by an orc wizard
             ... wielding a +0 dagger
              (1 damage)
             ... on level 4 of the Dungeon on Oct 18, 2022.
             The game lasted 00:06:27 (3037 turns).

GigaChad the Covered (Minotaur Fighter)             Turns: 3037, Time: 00:06:28

Health: 0/55       AC:  7    Str: 22    XL:     6   Next: 73%
Magic:  5/5        EV:  9    Int:  5    God:    Kikubaaqudgha [**....]
Gold:   210        SH:  5    Dex: 10    Spells: 5/5 levels left

rFire   . . .      SeeInvis .   a - +0 flail
rCold   . . .      Faith    .   c - +0 buckler
rNeg    . . .      Spirit   .   b - +0 scale mail
rPois   .          Reflect  .   (helmet restricted)
rElec   .          Harm     .   (no cloak)
rCorr   .          Rampage  .   (no gloves)
Will    .....                   (no boots)
Stlth   ..........              (no amulet)
HPRegen 0.18/turn               (no ring)
MPRegen 0.09/turn               (no ring)

@: no status effects
A: horns 2, retaliatory headbutt
a: Renounce Religion, Unearth Wretches


You were on level 4 of the Dungeon.
You worshipped Kikubaaqudgha.
Kikubaaqudgha was pleased with you.
You visited 2 branches of the dungeon, and saw 5 of its levels.

You collected 210 gold pieces.

Inventory:

Hand Weapons
 a - a +0 flail (weapon)
 g - a +0 scythe
Armour
 b - a +0 scale mail (worn)
 c - a +0 buckler (worn)
 j - a +0 cloak
Jewellery
 k - a ring of poison resistance
Scrolls
 e - a scroll of immolation {unknown}
 f - a scroll of magic mapping {unknown}
 h - a scroll of enchant weapon {unknown}
 m - a scroll of noise {unknown}
Potions
 d - a potion of might
 i - a potion of berserk rage {unknown}
 l - a potion of mutation {unknown}
 n - 2 potions of ambrosia {unknown}


   Skills:
 + Level 4.9 Fighting
 + Level 5.1 Maces & Flails
 + Level 6.0 Armour
 + Level 1.3 Dodging
 + Level 5.1 Shields


You had 5 spell levels left.
You didn't know any spells.
Your spell library contained the following spells:

 Spells                   Type           Power      Damage    Failure   Level
 Necrotise                Necr           0%         1d4       86%         1
 Poisonous Vapours        Pois/Air       0%         N/A       94%         2
 Vampiric Draining        Necr           0%         2d6       99%         3
 Anguish                  Hex/Necr       0%         N/A       100%        4
 Animate Dead             Necr           0%         N/A       100%        4
 Corpse Rot               Necr/Pois/Air  0%         N/A       100%        4


Dungeon Overview and Level Annotations

Branches:
Dungeon (4/15)             Temple (1/1) D:4

Altars:
Ashenzari
Dithmenos
Elyvilon
Fedhas
Gozag
Kikubaaqudgha
Makhleb
Nemelex Xobeh
Okawaru
Qazlal
Ru
Sif Muna
Trog
Uskayaw
Vehumet
Wu Jian
Xom
Yredelemnul
Zin
The Shining One

Shops:
D:2 (


Innate Abilities, Weirdness & Mutations

You have a pair of horns on your head.
You reflexively headbutt those who attack you in melee.


Message History

A gnoll comes into view. It is wielding a +0 flail.
The gnoll shouts!
You hear a shout! x2
The orc wizard gestures wildly while chanting.
The orc wizard flickers and vanishes!
Deactivating autopickup; reactivate with Ctrl-A.
The iguana barely misses you.
You see here a +0 club.
You barely miss the orc. The orc barely misses you. You furiously retaliate!
You headbutt the orc. The iguana barely misses you.
You thump the orc!
You kill the orc!
Kikubaaqudgha accepts your kill. You block the orc's attack.
You block the iguana's attack.
Your Armour skill increases to level 6!
The orc attacks as you move away! The orc hits you but does no damage.
The iguana bites you!
Items here: ! ( ))) [ ††.
You closely miss the orc. Your headbutt misses the orc.
You block the orc's attack. The iguana closely misses you.
A magic dart appears from out of thin air!
The magic dart hits you.
A ball python comes into view.
The ball python hisses angrily.
You block the orc's attack. The orc hits you but does no damage.
A gnoll comes into view. It is wielding a +0 halberd.
The iguana bites you but does no damage.
Something hits you but does no damage.
You see here a +0 club.
You closely miss something. The orc hits you with a +0 club.
The orc hits you with a +0 dagger. The gnoll hits you with a +0 flail.
Something hits you.
* * * LOW HITPOINT WARNING * * *
The iguana bites you!
* * * LOW HITPOINT WARNING * * *
The orc hits you but does no damage. You block the iguana's attack.
The gnoll closely misses you. The orc hits you with a +0 club.
* * * LOW HITPOINT WARNING * * *
Something hits you.
You die...
Kikubaaqudgha rasps: "You have failed me!
Welcome... death!"

#.......... #..........
######..........
#...............
#...............
................
#............... ...
........l....... ....
...S..{@).###### .....
......goo.## ...
..g.....$..## #.#
............###### #..
.....##.##.......#####..
...## #......###........
...........#....####....
.. ###.....####...###...
.......# ###.###...


You could see an iguana, 2 gnolls, 2 orcs and a ball python.

Vanquished Creatures
  Sigmund (D:2)
  2 orc priests (D:3)
  Natasha (twice) (D:2)
  2 orc wizards
  3 adders
  2 worms (D:2)
  A dart slug (D:1)
  20 orcs
  6 bats
  8 endoplasms
  5 giant cockroaches
  4 goblins
  8 hobgoblins (D:1)
  5 jackals
  10 ball pythons
  5 frilled lizards
  2 kobolds
  2 rats (D:2)
88 creatures vanquished.

Notes
Turn   | Place    | Note
-------+----------+-------------------------------------------
     0 | D:1      | GigaChad the Minotaur Fighter began the quest for the Orb.
     0 | D:1      | Reached XP level 1. HP: 19/19 MP: 0/0
    50 | D:1      | Reached XP level 2. HP: 16/27 MP: 1/1
    85 | D:1      | Reached skill level 4 in Armour
   529 | D:1      | Reached XP level 3. HP: 33/33 MP: 2/2
   545 | D:2      | Noticed Natasha
   554 | D:2      | Killed Natasha
   674 | D:2      | Noticed Natasha
   679 | D:2      | Killed Natasha
   680 | D:2      | Reached XP level 4. HP: 29/41 MP: 3/3
   972 | D:2      | Noticed Sigmund
   988 | D:2      | Killed Sigmund
   989 | D:2      | Reached skill level 5 in Armour
   989 | D:2      | Reached skill level 1 in Dodging
   989 | D:2      | Reached XP level 5. HP: 28/47 MP: 4/4
  1261 | D:2      | Found a faded altar of an unknown god.
  1265 | D:2      | Prayed at the altar of an unknown god.
  1265 | D:2      | Became a worshipper of Kikubaaqudgha
  1265 | D:2      | Reached * piety under Kikubaaqudgha
  1265 | D:2      | Received a gift from Kikubaaqudgha
  1283 | D:2      | Found Oluoh's Weapon Boutique.
  1361 | D:2      | Reached XP level 6. HP: 53/53 MP: 5/5
  1571 | D:3      | Reached skill level 5 in Shields
  2266 | D:3      | Found a shadowy altar of Dithmenos.
  2287 | D:3      | Reached ** piety under Kikubaaqudgha
  2778 | D:4      | Found a staircase to the Ecumenical Temple.
  2792 | Temple   | Entered the Ecumenical Temple
  3025 | D:4      | Reached skill level 5 in Maces & Flails
  3034 | D:4      | Reached skill level 6 in Armour
  3037 | D:4      | HP: 1/55 [orc/+0 club (2)]
  3037 | D:4      | Slain by an orc wizard

Illustrated notes

Levels and vault maps discovered:
D:1:      dpeg_arrival_radiant, layout_rooms, dreamdust_princess_bridge
D:2:      layout_basic, basic_ecumenical_altar, serial_shops, shop,
          uniq_natasha, uniq_sigmund
D:3:      layout_basic, nicolae_dithmenos_shadow_blocks
D:4:      layout_rooms, minmay_temple_entry_statues_fountains,
          wad_floor_pattern_untrapped, uniq_eustachio
Temple:   hellmonk_temple_of_storms

Skill      XL: |  1  2  3  4  5  6 |
---------------+-------------------+-----
Armour         | 4 5 6 |  6.0
Fighting       | 4 |  4.9
Shields        | 4 5 |  5.1
Maces & Flails | 3 4 5 |  5.1
Dodging        | 1 |  1.3

Action                   |  1- 3 |  4- 6 || total
-------------------------+-------+-------++-------
Melee: Flail             |    38 |   136 ||   174
       Headbutt          |     5 |    24 ||    29
Armor: Scale mail        |    35 |   100 ||   135
Dodge: Dodged            |    30 |   110 ||   140
Block: Buckler           |    18 |    47 ||    65
